 Dungeon Crawl Stone Soup version 0.22-a0-580-gd5db89c (webtiles) character file.

2255 galech the Fighter (level 9, -4/145 HPs)
             Began as an Ogre Berserker on July 2, 2018.
             Was an Elder of Trog.
             Slain by an orc warrior
             ... wielding a +1 dire flail of protection
              (19 damage)
             ... on level 8 of the Dungeon.
             The game lasted 00:08:23 (5624 turns).

galech the Fighter (Ogre Berserker)                 Turns: 5624, Time: 00:08:24

Health: -4/145     AC:  6    Str: 31    XL:     9   Next: 37%
Magic:  9/9        EV: 12    Int:  8    God:    Trog [****..]
Gold:   371        SH:  0    Dex:  8    Spells: 8/8 levels left

rFire    . . .     SeeInvis .   v - +0 flail (crush)
rCold    . . .     Gourm    .   (no shield)
rNeg     . . .     Faith    .   b - +0 animal skin
rPois    .         Spirit   .   (helmet restricted)
rElec    .         Reflect  .   (no cloak)
rCorr    .         Harm     .   (gloves unavailable)
MR       .....                  (boots unavailable)
Stlth    ..........             g - amulet of regeneration
HPRegen  0.74/turn              q - +3 ring of protection
MPRegen  0.11/turn              (no ring)

@: berserking (expiring), very quick
A: large, unfitting armour, tough skin 1
a: Berserk, Trog's Hand, Brothers in Arms, Renounce Religion


You were on level 8 of the Dungeon.
You worshipped Trog.
Trog was greatly pleased with you.
You were hungry.

You visited 1 branch of the dungeon, and saw 8 of its levels.

You collected 371 gold pieces.

Inventory:

Hand Weapons
 v - a +0 flail of crushing (weapon)
Armour
 b - a +0 animal skin (worn)
Jewellery
 g - an amulet of regeneration (around neck)
 q - a +3 ring of protection (left hand)
Wands
 a - a wand of disintegration (8)
Scrolls
 e - 2 scrolls of teleportation {unknown}
 h - 6 scrolls of identify {unknown}
 i - 4 scrolls of enchant weapon {unknown}
 j - a scroll of blinking {unknown}
 l - 2 scrolls of noise {unknown}
 n - 2 scrolls of fog {unknown}
 o - a scroll of enchant armour {unknown}
 p - a scroll of magic mapping {unknown}
 w - a scroll of immolation {unknown}
Potions
 d - a potion of brilliance {unknown}
 f - 4 potions of curing {unknown}
 k - 2 potions of ambrosia {unknown}
 m - a potion of might {unknown}
 r - a potion of haste {unknown}
 s - 2 potions of flight {unknown}
 u - a potion of mutation {unknown}
 x - a potion of berserk rage {unknown}
 z - a potion of heal wounds {unknown}
Comestibles
 c - 22 rations
 t - 4 chunks of flesh


   Skills:
 + Level 8.4 Fighting
 + Level 8.0 Maces & Flails
 + Level 6.8 Dodging
 + Level 1.2 Stealth


You had 8 spell levels left.
You didn't know any spells.
Your spell library was empty.

Dungeon Overview and Level Annotations

Branches:
Dungeon (8/15)             Temple (0/1) D:4
   Lair: D:8-11

Altars:
Cheibriados
Elyvilon
Ru
Vehumet
Xom

Shops:
D:5 }


Innate Abilities, Weirdness & Mutations

You are too large for most types of armour.
You have tough skin. (AC +1)


Message History

You barely miss the orc wizard.
The orc wizard is severely wounded.
The orc wizard barely misses you. The orc hits you with a falchion.
* * * LOW HITPOINT WARNING * * *
You closely miss the orc wizard.
The orc wizard is severely wounded.
The orc wizard closely misses you.
The orc warrior hits you with a dire flail of protection!!
* * * LOW HITPOINT WARNING * * *
You closely miss the orc wizard.
The orc wizard is severely wounded.
The orc wizard hits you with a dagger.
* * * LOW HITPOINT WARNING * * *
You sock the orc wizard!
You kill the orc wizard!
Trog accepts your kill.
Trog appreciates your killing of a magic user.
Your Maces & Flails skill increases to level 8!
The orc warrior hits you with a dire flail of protection!!
You die...

#..........##
#..........#
###....
##.......###
.......
#.....###
....... #.....#
.......
......#.##
.......
.##...#..#
##o...... #..#
##.#####).o...#
...# #.....o@#
.## #########


You could see an orc warrior and 2 orcs.

Vanquished Creatures
  Edmund (D:6)
  Duvessa (D:6)
  An orc warrior (D:6)
  An ogre (D:7)
  4 centaurs
  A big kobold (D:7)
  2 bullfrogs
  Dowan (D:6)
  2 scorpions
  A water moccasin skeleton (D:4)
  3 howler monkeys (D:7)
  3 crimson imps
  A jelly (D:5)
  A bullfrog skeleton (D:6)
  7 orc wizards
  A hound (D:6)
  An orc priest (D:4)
  A centaur skeleton (D:5)
  Terence (D:2)
  8 worker ants
  A hound skeleton (D:4)
  A hound zombie (D:5)
  7 gnolls
  13 adders
  2 shadow imps
  2 adder skeletons
  2 worms
  6 dart slugs
  A leopard gecko (D:1)
  31 orcs
  2 ball pythons
  3 giant cockroaches
  9 goblins
  14 hobgoblins
  2 jackals (D:4)
  11 kobolds
  6 bats
  5 frilled lizards
  A leopard gecko skeleton (D:4)
  A quokka skeleton (D:6)
  6 rats
168 creatures vanquished.

Notes
Turn   | Place    | Note
-------+----------+-------------------------------------------
     0 | D:1      | galech the Ogre Berserker began the quest for the Orb.
     0 | D:1      | Reached XP level 1. HP: 24/24 MP: 1/1
    37 | D:1      | Reached XP level 2. HP: 20/32 MP: 2/2
   488 | D:1      | Reached XP level 3. HP: 37/40 MP: 3/3
   748 | D:2      | Reached ** piety under Trog
   852 | D:2      | Reached XP level 4. HP: 42/49 MP: 4/4
  1169 | D:2      | Noticed Terence
  1185 | D:2      | Killed Terence
  1185 | D:2      | Reached skill level 5 in Fighting
  1185 | D:2      | Reached XP level 5. HP: 24/57 MP: 5/5
  2290 | D:3      | Reached XP level 6. HP: 61/66 MP: 6/6
  2715 | D:4      | Reached XP level 7. HP: 35/74 MP: 7/7
  2830 | D:4      | Found a staircase to the Ecumenical Temple.
  2878 | D:4      | Reached skill level 5 in Maces & Flails
  2917 | D:4      | Reached *** piety under Trog
  2917 | D:4      | Reached skill level 5 in Dodging
  3140 | D:5      | Entered Level 5 of the Dungeon
  3297 | D:5      | Reached XP level 8. HP: 74/84 MP: 8/8
  3510 | D:5      | Found Noycsul's Gadget Shop.
  3645 | D:5      | Found a shimmering altar of Xom.
  3790 | D:5      | Got a fine spear
  3791 | D:5      | Identified the cursed +0 spear of Red Wine {flame, rF- Dex+5} (You found it on level 5 of the Dungeon)
  4104 | D:6      | Noticed Dowan
  4106 | D:6      | Noticed Duvessa
  4120 | D:6      | Killed Duvessa
  4124 | D:6      | Killed Dowan
  4613 | D:6      | Reached skill level 1 in Stealth
  4758 | D:6      | Reached **** piety under Trog
  4812 | D:6      | Noticed Edmund
  4831 | D:6      | Killed Edmund
  4831 | D:6      | Reached XP level 9. HP: 69/96 MP: 9/9
  4915 | D:6      | Found a snail-covered altar of Cheibriados.
  4915 | D:6      | Found a radiant altar of Vehumet.
  4956 | D:7      | Found a sacrificial altar of Ru.
  5401 | D:7      | Found a white marble altar of Elyvilon.
  5624 | D:8      | Slain by an orc warrior

Vault maps used:
D:1:      minmay_arrival_stone_box
D:2:      uniq_terence
D:3:      first_ration, st_stairs_8
D:4:      temple_pool_b
D:5:      kennysheep_mini, serial_shops, shop
D:6:      gammafunk_temple_overflow_wave, uniq_duvessa, uniq_edmund
D:7:      elyvilon_altar_5, grunt_ogre_cave, nicolae_ru_path_of_blood
D:8:      lemuel_crystal_altar, trog_book

Skill      XL: |  1  2  3  4  5  6  7  8  9 |
---------------+----------------------------+-----
Maces & Flails | 3 4 5 7 8 |  8.0
Dodging        | 3 4 5 6 |  6.8
Fighting       | 5 6 8 |  8.4
Stealth        | 1 |  1.2

Action                   |  1- 3 |  4- 6 |  7- 9 || total
-------------------------+-------+-------+-------++-------
Melee: Mace              |    78 |   256 |   277 ||   611
       Flail             |       |       |    98 ||    98
Invok: Berserk           |     1 |     6 |     8 ||    15
       Trog's Hand       |       |     3 |     1 ||     4
  Use: Scroll            |       |     1 |     1 ||     2
 Stab: Sleeping          |       |       |     1 ||     1
  Eat: Chunk             |     1 |    11 |    15 ||    27
       Ration            |       |       |     1 ||     1
Armor: Animal skin       |    19 |    55 |    89 ||   163
Dodge: Dodged            |    41 |   200 |   233 ||   474

Table legend:
 A = Spawn XP
 B = Non-spawn XP
 C = Spawn XP percentage of total XP
 D = Spawn monster count
 E = Non-spawn monster count
 F = Spawn count percentage of total count
 G = Total turns spent on level
                    A         B        C        D         E        F      G
               +---------+---------+-------+---------+---------+-------+---------
         Total |       0 |    3222 |   0.0 |       0 |     168 |   0.0 |  5624
               +---------+---------+-------+---------+---------+-------+---------
           D:1 |       0 |      46 |   0.0 |       0 |      21 |   0.0 |   739
           D:2 |       0 |     145 |   0.0 |       0 |      28 |   0.0 |   824
           D:3 |       0 |     131 |   0.0 |       0 |      23 |   0.0 |   869
           D:4 |       0 |     514 |   0.0 |       0 |      24 |   0.0 |   708
           D:5 |       0 |     743 |   0.0 |       0 |      29 |   0.0 |  1022
           D:6 |       0 |     925 |   0.0 |       0 |      21 |   0.0 |   781
           D:7 |       0 |     621 |   0.0 |       0 |      16 |   0.0 |   585
           D:8 |       0 |      97 |   0.0 |       0 |       6 |   0.0 |    96
               +---------+---------+-------+---------+---------+-------+---------
